 Dungeon Crawl Stone Soup version 0.31.0-11-ge490571c62 (webtiles) character file.

Game seed: 8838281077205690665

1789185 Suckerboh the Conqueror (level 27, 273/273 HPs)
             Began as a Minotaur Monk on Jan 30, 2024.
             Was an Initiate of Gozag.
             Escaped with the Orb
             ... and 3 runes!
             The game lasted 02:32:10 (63544 turns).

Suckerboh the Conqueror (Minotaur Monk)            Turns: 63544, Time: 02:32:11

Health: 273/273    AC: 39    Str: 34    XL:     27
Magic:  22/22      EV: 40    Int:  6    God:    Gozag
Gold:   11899      SH: 42    Dex: 39    Spells: 26/26 levels left

rFire   + + +        a - +18 lance "Wyrmbane" {slay drac, rPois rF+ rC+ AC+3}
rCold   + . .        J - +10 tower shield of Ignorance {rN+ Int-4}
rNeg    + + .        B - +4 plate armour of the Disbelieving Gods {Dex+10}
rPois   +            W - -2 hat of the Alchemist {rElec rPois rF+ rC+ rN+ Will+ rMut rCorr}
rElec   +            E - +0 cloak of Fedhas's Benevolence {rElec Str+3 Dex+4 Slay+6}
rCorr   +            U - +2 pair of gloves {Dex+3}
SInv    .            D - +2 pair of boots {rampage}
Will    ++++.        Z - amulet of Qazlal's Regard {rF+ Regen+ Str+4}
Stlth   +            v - ring of Cyumnaro {rElec rCorr Int+3 Dex+6 Slay+3}
HPRegen 1.45/turn    y - ring "Siwka" {rElec rF+ Will++ EV+5}
MPRegen 0.18/turn

%: resist mutation, rampage
@: studying Spellcasting
A: horns 2, inability to use devices, no fire magic, no hexes magic, no
summoning magic, weak-willed 1, temperature sensitive, retaliatory headbutt, no
forms, iridescent scales 1, inability to read after injury 1
0: Orb of Zot
}: 3/15 runes: barnacled, slimy, gossamer
a: Renounce Religion, Potion Petition, Call Merchant, Bribe Branch


You escaped.
You worshipped Gozag.
Gozag was extremely pleased with you.
You visited 13 branches of the dungeon, and saw 56 of its levels.
You visited the Abyss 2 times.
You visited 1 bazaar.
You also visited: Gauntlet, Volcano and Desolation.

You collected 29945 gold pieces.
You spent 6568 gold pieces at shops.
You paid 11478 gold pieces to Gozag.

Inventory:

Hand Weapons
 a - the +18 lance "Wyrmbane" (weapon) {slay drac, rPois rF+ rC+ AC+3}
   (You took it off Maggie on level 6 of the Dungeon)

   AC+3:      It affects your AC (+3).
   rF+:       It protects you from fire.
   rC+:       It protects you from cold.
   rPois:     It protects you from poison
Missiles
 j - 3 curare-tipped darts (quivered)
Armour
 o - a +2 plate armour of willpower
 B - the +4 plate armour of the Disbelieving Gods (worn) {Dex+10}
   (You found it on level 3 of the Depths)

   Dex+10:    It affects your dexterity (+10).
 D - a +2 pair of boots of rampaging (worn)
 E - the +0 cloak of Fedhas's Benevolence (worn) {rElec Str+3 Dex+4 Slay+6}
   (You bought it in a shop on level 2 of the Orcish Mines)

   Str+3:     It affects your strength (+3).
   Dex+4:     It affects your dexterity (+4).
   Slay+6:    It affects your accuracy & damage with ranged weapons and melee
   (+6).
   rElec:     It insulates you from electricity.
 J - the +10 tower shield of Ignorance (worn) {rN+ Int-4}
   (You found it in the Desolation of Salt)

   Int-4:     It affects your intelligence (-4).
   rN+:       It protects you from negative energy.
 U - a +2 pair of gloves of dexterity (worn)
 W - the -2 hat of the Alchemist (worn) {rElec rPois rF+ rC+ rN+ Will+ rMut rCorr}
   (You bought it in a shop on level 15 of the Dungeon)

   rF+:       It protects you from fire.
   rC+:       It protects you from cold.
   rElec:     It insulates you from electricity.
   rPois:     It protects you from poison rN+: It protects you from negative
   energy.
   Will+:     It increases your willpower.
   rCorr:     It protects you from acid and corrosion.
   rMut:      It protects you from mutation.
Jewellery
 d - the ring of Uhaank {Int+3 Dex+6 Slay+2}
   (You took it off a deep elf blademaster on level 3 of the Elven Halls)

   [ring of dexterity]

   Int+3:     It affects your intelligence (+3).
   Dex+6:     It affects your dexterity (+6).
   Slay+2:    It affects your accuracy & damage with ranged weapons and melee
   (+2).
 f - a ring of protection from cold
 v - the ring of Cyumnaro (left hand) {rElec rCorr Int+3 Dex+6 Slay+3}
   (You took it off an imperial myrmidon in the Desolation of Salt)

   [ring of dexterity]

   Int+3:     It affects your intelligence (+3).
   Dex+6:     It affects your dexterity (+6).
   Slay+3:    It affects your accuracy & damage with ranged weapons and melee
   (+3).
   rElec:     It insulates you from electricity.
   rCorr:     It protects you from acid and corrosion.
 y - the ring "Siwka" (right hand) {rElec rF+ Will++ EV+5}
   (You found it on level 3 of the Realm of Zot)

   [ring of evasion]

   EV+5:      It affects your evasion (+5).
   rF+:       It protects you from fire.
   rElec:     It insulates you from electricity.
   Will++:    It greatly increases your willpower.
 I - a ring of protection from fire
 L - a ring of flight
 M - the ring "Weapn" {rN+ MP+9}
   (You found it in a Gauntlet)

   [ring of magical power]

   rN+:       It protects you from negative energy.
   MP+9:      It affects your magic capacity (+9).
 T - the ring of the Hare {EV+10}
   (You found it on level 5 of the Pits of Slime)

   [ring of evasion]

   EV+10:     It affects your evasion (+10).
 Z - the amulet of Qazlal's Regard (around neck) {rF+ Regen+ Str+4}
   (You bought it in a shop on level 2 of the Orcish Mines)

   [amulet of regeneration]

   Str+4:     It affects your strength (+4).
   rF+:       It protects you from fire.
   Regen+:    It increases your rate of health regeneration.
Scrolls
 b - 19 scrolls of teleportation
 e - 7 scrolls of fear
 h - 23 scrolls of identify
 i - 6 scrolls of fog
 k - 3 scrolls of immolation
 l - 16 scrolls of enchant weapon
 n - a scroll of torment
 p - 13 scrolls of blinking
 q - 7 scrolls of revelation
 s - 3 scrolls of poison
 t - 11 scrolls of amnesia
 x - 11 scrolls of vulnerability
 F - 2 scrolls of summoning
 G - 4 scrolls of silence
 N - 2 scrolls of brand weapon
 Y - 4 scrolls of enchant armour
Potions
 c - 7 potions of ambrosia
 g - 27 potions of curing
 m - 8 potions of enlightenment
 r - 8 potions of resistance
 w - 3 potions of brilliance
 z - 10 potions of mutation
 A - 11 potions of might
 C - 5 potions of berserk rage
 H - 10 potions of haste
 K - 13 potions of heal wounds
 O - a potion of attraction
 P - 3 potions of invisibility
 R - 2 potions of cancellation
 S - 2 potions of magic


   Skills:
 O Level 27 Fighting
 - Level 10.7(20.6) Axes
 - Level 3.9(7.9) Maces & Flails
 O Level 27 Polearms
 * Level 10.3 Throwing
 O Level 27 Armour
 * Level 21.2 Dodging
 + Level 10.3 Stealth
 O Level 27 Shields


You had 26 spell levels left.
You didn't know any spells.
Your spell library contained the following spells:

 Spells                   Type           Power      Damage    Failure   Level
 Freeze                   Ice            0%         1d3       77%         1
 Kiss of Death            Conj/Necr      0%         2d5       77%         1
 Magic Dart               Conj           0%         1d3       77%         1
 Necrotise                Necr           0%         1d4       77%         1
 Shock                    Conj/Air       0%         1d3       77%         1
 Blink                    Tloc           0%         N/A       88%         2
 Momentum Strike          Conj/Tloc      0%         3d8       88%         2
 Searing Ray              Conj           0%         2d4       88%         2
 Static Discharge         Conj/Air       0%         3-3/arc   88%         2
 Frozen Ramparts          Ice            0%         1d1       98%         3
 Fugue of the Fallen      Necr           0%         N/A       98%         3
 Gell's Gravitas          Tloc           0%         N/A       98%         3
 Hailstorm                Conj/Ice       0%         3d5       98%         3
 Mephitic Cloud           Conj/Alch/Air  0%         N/A       98%         3
 Ozocubu's Armour         Ice            0%         N/A       98%         3
 Stone Arrow              Conj/Erth      0%         3d7       98%         3
 Teleport Other           Tloc           0%         N/A       98%         3
 Brom's Barrelling Bould  Conj/Erth      0%         2d3       100%        4
 Dispel Undead            Necr           0%         3d6       100%        4
 Fulminant Prism          Conj/Alch      0%         3d5       100%        4
 Iskenderun's Mystic Bla  Conj/Tloc      0%         2d3       100%        4
 Leda's Liquefaction      Alch/Erth      0%         N/A       100%        4
 Manifold Assault         Tloc           0%         N/A       100%        4
 Passage of Golubria      Tloc           0%         N/A       100%        4
 Petrify                  Alch/Erth      0%         N/A       100%        4
 Vhi's Electric Charge    Tloc/Air       0%         N/A       100%        4
 Arcjolt                  Conj/Air       0%         1d10      100%        5
 Curse of Agony           Necr           0%         N/A       100%        5
 Freezing Cloud           Conj/Ice/Air   0%         6-21      100%        5
 Irradiate                Conj/Alch      0%         3d11      100%        5
 Iskenderun's Battlesphe  Conj           0%         2d6       100%        5
 Lee's Rapid Deconstruct  Erth           0%         3d4*      100%        5
 Bombard                  Conj/Erth      0%         9d1       100%        6
 Conjure Ball Lightning   Conj/Air       0%         3x3d6     100%        6
 Death Channel            Necr           0%         N/A       100%        6
 Dispersal                Tloc           0%         N/A       100%        6
 Sculpt Simulacrum        Ice/Alch       0%         N/A       100%        6
 Orb of Destruction       Conj           0%         9d5       100%        7
 Ozocubu's Refrigeration  Ice            0%         4d7       100%        7
 Lehudib's Crystal Spear  Conj/Erth      0%         10d2      100%        8
 Maxwell's Capacitive Co  Air            0%         ∞         100%        8
 Chain Lightning          Conj/Air       0%         N/A       100%        9
 Death's Door             Necr           0%         N/A       100%        9
 Polar Vortex             Ice            0%         N/A       100%        9
 Shatter                  Erth           0%         3d5*      100%        9
 Call Imp                 Summ           Unusable   N/A       N/A         2
 Ensorcelled Hibernation  Hex/Ice        Unusable   N/A       N/A         2
 Confusing Touch          Hex            Unusable   N/A       N/A         3
 Dazzling Flash           Conj/Hex       Unusable   N/A       N/A         3
 Inner Flame              Hex/Fire       Unusable   N/A       N/A         3
 Summon Ice Beast         Ice/Summ       Unusable   N/A       N/A         3
 Volatile Blastmotes      Fire/Tloc      Unusable   2d10      N/A         3
 Animate Dead             Necr           Unusable   N/A       N/A         4
 Fireball                 Conj/Fire      Unusable   3d3       N/A         5
 Metabolic Englaciation   Hex/Ice        Unusable   N/A       N/A         5
 Silence                  Hex/Air        Unusable   N/A       N/A         5
 Plasma Beam              Fire/Air       Unusable   2x1d10    N/A         6
 Ignition                 Fire           Unusable   3d3       N/A         8

Dungeon Overview and Level Annotations

Branches:
Dungeon (15/15)            Temple (1/1) D:4            Lair (5/5) D:8
 Shoals (4/4) Lair:2       Spider (4/4) Lair:2        Slime (5/5) Lair:4
    Orc (2/2) D:10            Elf (3/3) Orc:2        Vaults (4/5) D:14
  Crypt (3/3) Vaults:2       Tomb (0/3) Crypt:3      Depths (4/4) D:15
   Hell (visited)             Coc (0/7) Hell            Tar (0/7) Hell
    Zot (5/5) Depths:4    Volcano (visited)         Desolation (visited)
Gauntlet (visited)
    Dis: Hell:1         Geh: Hell:1

Altars:
Ashenzari
Cheibriados
Dithmenos
Elyvilon
Fedhas
Gozag
Hepliaklqana
Kikubaaqudgha
Makhleb
Nemelex Xobeh
Okawaru
Qazlal
Ru
Sif Muna
Trog
Uskayaw
Vehumet
Wu Jian
Xom
Yredelemnul
Zin
The Shining One
Lugonu

Shops:
D:1 =   D:6 (   D:8 [*[   D:13 (   D:14 ?   D:15 [   Orc:2 ?([=   Elf:3 !
Vaults:2 (   Vaults:3 [   Zot:2 [*   Depths:3 =::   Depths:4 ?=(:(

Portals:
Hell: Depths:1 Depths:2 Depths:3 Depths:4
Abyss: Lair:5 Depths:3
Pandemonium: Depths:1 Depths:2
Ziggurat: Depths:3
Trove: Vaults:2 (give +3 storm dragon scales)

Annotations:
Lair:3 1 runed translucent door, Flugkiller's ghost, journeyman TrFi
Crypt:1 2 transporters, exclusion: orange crystal statue, Roocroe's ghost, veteran MiGl; rrossfarrar's ghost, veteran BaFi
Zot:3 1 transporter
Zot:5 exclusion: orange crystal statue


Innate Abilities, Weirdness & Mutations

You have a pair of horns on your head.
You cannot study or use magical devices.
You cannot study or cast Fire magic.
You cannot study or cast Hexes magic.
You cannot study or cast Summoning magic.
You are slightly weak-willed. (Will-)
You are sensitive to extremes of temperature. (rF-, rC-)
You reflexively headbutt those who attack you in melee.
You cannot voluntarily change form.
You are partially covered in iridescent scales. (AC +2)
You occasionally lose the ability to read scrolls when taking damage.


Message History

Things that are here:
a +0 scale mail; a +6 flail of protection A red devil comes into view.
It is wielding a +0 trident.
The red devil attacks as it pursues you!
The red devil completely misses you.
The red devil attacks as it pursues you!
You block the red devil's attack.
The red devil attacks as it pursues you!
You block the red devil's attack.
There is a stone staircase leading up here.
You block the red devil's attack.
You climb upwards.
There is a stone staircase leading down here.
There is a stone staircase leading up here.
You climb upwards.
There is a stone staircase leading down here.
Unknown command.
What level of the Dungeon? (default 1, ? - help)
You see here a +0 spear.
Items here: ( )) [.
You see here a +0 spear.
You see here a +0 club.
There is a stone staircase leading up here.
You climb upwards.
There is a stone staircase leading down here.
Things that are here:
7 stones; a +0 dagger A cacodemon, 2 sixfirhies and an orange demon come into view.
The orange demon screeches!
The cacodemon gestures at you. You resist with almost no effort.
There is a stone staircase leading up here.
You climb upwards.
There is a stone staircase leading down here.
What level of the Dungeon? (default 1, ? - help)
There is a stone staircase leading up here.
You climb upwards.
There is a stone staircase leading down here.
There is a staircase leading out of the dungeon here.
You have escaped!

...##.##.........................
#....∩......##################..#
#..##.##....# #..#
#..##.##....######## #..#
#...........+......# #.)#
#...........##.....## ###^.#
#...........#.......# ##....#
########....#.......## ####..##.#
###......@....# #....###.#
#.##........###.#### #.#
#.##........##..# #..
#..##.......##'#########
##..#####..............#
##....................#
#######...............#
#.........%...........#
###########.#####...............#


There were no monsters in sight!

Vanquished Creatures
  the Royal Jelly (Slime:5)
  2 dread liches
  Khufu (Crypt:3)
  5 orbs of fire
  3 ancient liches
  A juggernaut (Depths:4)
  Vv (Crypt:2)
  The ghost of Icycared the Slayer, a master GrFi of Okawaru (Zot:3)
  Bai Suzhen (Spider:3)
  3 Killer Klowns
  Geryon (Hell)
  6 caustic shrikes
  A curse toe (Zot:5)
  6 golden dragons
  A profane servitor (Crypt:3)
  Nikola (Spider:1)
  3 bone dragons
  2 Brimstone Fiends
  A Tzitzimitl (Depths:4)
  3 electric golems
  An Ice Fiend (Depths:4)
  4 walking crystal tomes (Depths:3)
  Rupert (Lair:5)
  7 liches
  15 tentacled monstrosities
  A tainted leviathan (Hell)
  18 Orb Guardians (Zot:5)
  6 deep elf master archers
  2 walking earthen tomes
  3 deep elf blademasters (Elf:3)
  A walking frostbound tome (Depths:3)
  3 titans
  10 quicksilver dragons
  5 searing wretches
  4 tentacled starspawn
  4 sphinxes
  An Executioner (Zot:3)
  21 acid blobs
  3 ancient champions
  Polyphemus (Shoals:2)
  8 death cobs
  7 tengu reavers
  12 storm dragons
  8 shadow dragons
  4 revenants
  A protean progenitor (Zot:3)
  12 azure jellies
  8 frost giants
  2 draconian monks
  10 ghost moths
  21 rockslimes
  5 draconian knights
  14 fire giants
  8 draconian shifters
  4 iron dragons
  A balrug (D:14)
  5 deep elf sorcerers
  7 vault wardens
  3 emperor scorpions
  A ghoul (Crypt:3)
  A curse skull (Crypt:1)
  An imperial myrmidon (Desolation)
  15 ironbound preservers
  An angel (Zot:3)
  3 orc warlords
  5 draconian scorchers
  3 draconian stormcallers
  A cacodemon (Hell)
  4 deep elf elementalists (Elf:3)
  6 reapers (Hell)
  7 formless jellyfish
  4 spriggan defenders (Depths:3)
  8 quicksilver oozes
  A caustic shrike skeleton (Crypt:1)
  2 broodmothers
  5 ironbound thunderhulks
  An elemental wellspring (Shoals:2)
  10 vampire knights
  8 draconian annihilators
  14 very ugly things
  18 stone giants
  12 deep elf death magi
  4 deep elf demonologists
  6 putrid mouths
  13 white draconians
  7 deep elf annihilators
  10 black draconians
  11 dire elephants
  8 green draconians
  3 starcursed masses
  15 red draconians
  10 yellow draconians
  A minotaur (Gauntlet)
  5 halazid warlocks (Desolation)
  15 spark wasps
  14 purple draconians
  2 war gargoyles (Hell)
  5 eidola
  10 ettins
  A blizzard demon (Depths:4)
  5 merfolk impalers
  10 fire dragons
  3 merfolk javelineers
  9 ragged hierophants (Desolation)
  A quicksilver dragon zombie (Abyss:2)
  18 jiangshi
  3 mummy priests
  5 yaktaur captains
  5 deep elf high priests
  7 entropy weavers
  12 great orbs of eyes
  5 hell beasts
  2 hydras
  11 ice dragons
  Erolcha (D:9)
  22 centaur warriors
  A caustic shrike simulacrum (Crypt:3)
  6 spriggan air magi
  Fannar (Lair:1)
  7 vault guards
  6 rakshasas
  5 servants of whispers (Desolation)
  2 catoblepae
  5 peacekeepers (Desolation)
  3 jorogumos (Zot:5)
  2 alligators (Zot:5)
  9 ironbound frosthearts
  7 ogre magi
  3 death knights
  An alligator snapping turtle (Shoals:2)
  2 merfolk avatars (Shoals:4)
  2 stokers (Hell)
  34 dancing weapons
  10 boulder beetles
  2 fenstrider witch skeletons
  4 satyrs
  3 deep troll shamans
  4 radroaches
  6 merfolk aquamancers
  4 death yaks (Shoals:2)
  3 vampire magi
  5 deep troll earth magi
  4 occultists
  32 two-headed ogres
  12 hell hogs
  8 demonic crawlers
  5 thrashing horrors
  15 soul eaters
  5 tengu warriors
  2 orc high priests
  Sonja (Orc:1)
  16 hell knights
  A titan zombie (Crypt:2)
  21 deep elf knights
  7 spriggan berserkers
  10 sun demons
  8 iron trolls
  A fire crab (Shoals:1)
  5 pharaoh ants
  A salamander mystic (Depths:3)
  3 shadow wraiths
  A sixfirhy (Hell)
  A skyshark (shapeshifter) (Depths:3)
  5 wretched stars
  5 skysharks
  A deep troll (shapeshifter) (Depths:3)
  Amaemon (Lair:3)
  A sea snake (shapeshifter) (Depths:3)
  27 skeletal warriors
  A shadow demon (Zot:5)
  6 large abominations
  11 sea snakes
  A spectral anaconda (Crypt:2)
  5 arcanists
  16 ironbound convokers
  46 deep trolls
  12 deep elf archers
  10 flayed ghosts
  A glowing orange brain (Depths:3)
  5 orb spiders
  A steelbarb worm (shapeshifter) (Depths:4)
  3 sun moths
  5 phantasmal warriors
  10 lindwurms
  An obsidian statue (Volcano)
  25 deep elf zephyrmancers
  7 necromancers
  A steelbarb worm (Spider:4)
  27 harpies
  10 orc knights
  A stone giant zombie (Hell)
  4 orc sorcerers
  A spectral merfolk (Crypt:3)
  28 wolf spiders
  55 ugly things
  10 manticores
  22 fauns
  2 salamanders (Depths:3)
  25 deep elf pyromancers
  A worldbinder (Abyss:3)
  An iron dragon skeleton (Crypt:2)
  36 moths of wrath
  9 shining eyes
  3 cyclopes
  A kobold blastminer (Orc:1)
  An eleionoma skeleton (Crypt:2)
  5 eyes of devastation
  4 elephants
  7 meliai
  A black mamba (Lair:1)
  An apocalypse crab (Abyss:3)
  10 rust devils
  3 water nymphs
  A guardian serpent (Desolation)
  A fire giant skeleton (Crypt:2)
  2 gargoyles
  11 merfolk sirens
  2 smoke demons (Abyss:3)
  4 torpor snails
  Maggie (D:6)
  15 cane toads
  3 dire elephant skeletons
  A naga skeleton (Crypt:2)
  An unseen horror (D:13)
  2 orange demons
  13 vault sentinels
  A storm dragon simulacrum (Hell)
  5 efreet
  6 kobold demonologists
  21 yaktaurs
  5 tengu conjurers
  3 freezing wraiths
  2 hellions
  A grey draconian zombie (Crypt:2)
  Psyche (D:9)
  10 komodo dragons
  3 ice devils
  2 silent spectres
  An ancient zyme (Abyss:2)
  7 guardian mummies (Crypt:3)
  A minotaur skeleton (Crypt:1)
  A purple draconian skeleton (Crypt:2)
  2 red devils (Hell)
  A troll (shapeshifter) (D:10)
  14 trolls
  A harpy zombie (Abyss:2)
  A hydra zombie (Crypt:2)
  A polar bear (shapeshifter) (Elf:2)
  23 tarantellas
  Prince Ribbit (D:5)
  5 hornets
  29 merfolk
  6 wind drakes
  13 dream sheep
  2 raiju
  2 raiju (shapeshifter)
  6 glass eyes
  41 saltlings (Desolation)
  9 snapping turtles
  26 blink frogs
  90 slime creatures
  7 spriggans
  Sigmund (D:3)
  20 jumping spiders
  A centaur simulacrum (D:15)
  6 shadows
  21 culicivoras
  7 ynoxinuls
  12 wraiths
  A slime creature zombie (Crypt:1)
  5 air elementals
  An ettin skeleton (Hell)
  A naga simulacrum (Hell)
  8 fire bats
  6 fire elementals
  16 water elementals
  7 wyverns
  A steam dragon (D:7)
  40 yaks
  A blink frog (shapeshifter) (D:15)
  9 humans
  3 wargs
  A redback (shapeshifter) (Depths:3)
  11 basilisks
  2 chaos spawn (Lair:5)
  Menkaure (D:7)
  8 vampire mosquitoes
  Edmund (D:6)
  62 redbacks
  16 water moccasins
  A faun skeleton (Crypt:1)
  A lindwurm zombie (Crypt:1)
  24 orc warriors
  4 ice beasts (D:7)
  33 laughing skulls
  3 black bears
  2 sky beasts
  4 boggarts (Vaults:2)
  15 small abominations
  16 wolves
  34 ogres
  A phantom (D:6)
  9 centaurs
  A swamp dragon skeleton (Hell)
  4 kobold brigands
  3 weeping skulls
  5 necrophages
  Blork the orc (D:4)
  13 bullfrogs
  4 scorpions
  A gnoll sergeant (D:10)
  2 earth elementals
  4 burial acolytes (Crypt:3)
  5 wights
  A cyclops skeleton (Crypt:1)
  13 killer bees
  3 electric eels
  A bombardier beetle (D:4)
  4 howler monkeys
  8 lava snakes
  2 wolf skeletons (Crypt:1)
  2 bullfrog zombies
  4 hounds
  A human zombie (D:4)
  A bullfrog skeleton (Crypt:2)
  24 orc priests
  A gnoll bouda (D:4)
  Ijyb (D:4)
  A centaur skeleton (D:4)
  2 iron imps (Abyss:2)
  4 iguanas
  Terence (D:2)
  2 sleepcaps
  12 orc wizards
  4 hell rats (Hell)
  A tengu zombie (Crypt:1)
  An acid dragon skeleton (Crypt:2)
  5 hound zombies
  A hound skeleton (D:4)
  2 howler monkey zombies
  Robin (D:2)
  10 gnolls
  7 adders
  A shadow imp (D:4)
  2 white imps
  2 adder zombies
  5 dart slugs
  66 orcs
  6 bats
  3 endoplasms
  4 giant cockroaches
  10 goblins
  8 hobgoblins
  12 kobolds
  3 quokkas
  6 ball pythons
  2 frilled lizards (D:1)
  A jackal zombie (D:3)
  6 rats
  An aspiring flesh (Zot:3)
  A lurking horror (Abyss:3)
  A spectral weapon (Shoals:2)
  A starspawn tentacle (Abyss:2)
2583 creatures vanquished.

Vanquished Creatures (collateral kills)
  3 Orb Guardians (Zot:5)
  An acid blob (Slime:5)
  A draconian knight (Zot:5)
  A yellow draconian (Zot:5)
  A white draconian (Zot:5)
  A red draconian (Zot:5)
  A black draconian (Zot:5)
  A jorogumo (Zot:5)
10 creatures vanquished.

Vanquished Creatures (others)
  A dread lich (Zot:5)
  2 orbs of fire (Zot:5)
  A golden dragon (Zot:1)
  An electric golem (Zot:5)
  A lich (Crypt:1)
  4 Orb Guardians (Zot:5)
  2 storm dragons (Zot:5)
  2 red draconians
  A dire elephant (Vaults:3)
  A purple draconian (Zot:5)
  An ogre mage (Orc:2)
  A thrashing horror (Abyss:3)
  A soul eater (Zot:4)
  A rime drake (Lair:3)
  A saltling (Desolation)
  2 jumping spiders (Spider:4)
  A yak (Lair:2)
  A human (Crypt:1)
  A redback (Spider:1)
  2 orc wizards (Orc:1)
  3 orcs
  A butterfly (Abyss:3)
  A creeping inferno (Hell)
  10 starspawn tentacles
43 creatures vanquished.

Grand Total: 2636 creatures vanquished

Notes
Turn   | Place    | Note
-------+----------+-------------------------------------------
     0 | D:1      | Suckerboh the Minotaur Monk began the quest for the Orb.
     0 | D:1      | Reached XP level 1. HP: 19/19 MP: 0/0
   170 | D:1      | Found Fiom's Jewellery Boutique.
   471 | D:1      | Reached XP level 2. HP: 27/27 MP: 1/1
   823 | D:2      | Identified the +0 helmet "Anompaq" {rF+ Str+3 Slay+2}
   823 | D:2      | Noticed Robin
   844 | D:2      | Killed Robin
   845 | D:2      | Reached XP level 3. HP: 15/34 MP: 2/2
  1046 | D:2      | Noticed Terence
  1057 | D:2      | Killed Terence
  1058 | D:2      | Reached XP level 4. HP: 13/41 MP: 3/3
  1366 | D:2      | Reached skill level 5 in Axes
  1824 | D:3      | Found a basalt altar of Yredelemnul.
  1902 | D:3      | Reached XP level 5. HP: 35/47 MP: 4/4
  2237 | D:3      | Noticed Sigmund
  2243 | D:3      | Killed Sigmund
  2244 | D:3      | Reached skill level 1 in Armour
  2244 | D:3      | Reached XP level 6. HP: 55/55 MP: 5/5
  2955 | D:4      | Reached skill level 5 in Fighting
  2962 | D:4      | Reached XP level 7. HP: 34/61 MP: 6/6
  3147 | D:4      | Found an ancient bone altar of Kikubaaqudgha.
  3356 | D:4      | Noticed Ijyb
  3367 | D:4      | Killed Ijyb
  3408 | D:4      | Found a staircase to the Ecumenical Temple.
  3408 | D:4      | Noticed Blork the orc
  3415 | D:4      | Killed Blork the orc
  3424 | Temple   | Entered the Ecumenical Temple
  3470 | Temple   | Became a worshipper of Ru the Awakened
  3494 | Temple   | Gained mutation: You cannot study or use magical devices.
                  | [Ru sacrifice]
  3494 | Temple   | Reached * piety under Ru
  3494 | Temple   | Reached ** piety under Ru
  3649 | D:4      | Reached XP level 8. HP: 68/69 MP: 7/7
  3703 | D:4      | Reached skill level 1 in Maces & Flails
  3931 | D:5      | Entered Level 5 of the Dungeon
  4198 | D:5      | Noticed Prince Ribbit
  4214 | D:5      | Killed Prince Ribbit
  4215 | D:5      | Reached skill level 10 in Axes
  4336 | D:5      | Found a hazy altar of Hepliaklqana.
  4461 | D:5      | Got the Discursus on Ouranomancy and Ice
  4710 | D:6      | Reached skill level 5 in Armour
  4807 | D:6      | Noticed Maggie
  4834 | D:6      | Killed Maggie
  4835 | D:6      | Reached XP level 9. HP: 25/78 MP: 2/8
  5020 | D:6      | Found Pegropif's Weapon Boutique.
  5041 | D:6      | Reached skill level 1 in Polearms
  5042 | D:6      | Noticed Edmund
  5053 | D:6      | Killed Edmund
  5188 | D:6      | Reached skill level 1 in Stealth
  5587 | D:7      | Reached skill level 5 in Dodging
  5741 | D:7      | Reached skill level 5 in Polearms
  5871 | D:7      | Found a white marble altar of Elyvilon.
  5974 | D:7      | Gained mutation: You are slightly weak-willed. (Will-) [Ru
                  | sacrifice]
  5974 | D:7      | Reached *** piety under Ru
  5995 | D:7      | Noticed Menkaure
  6000 | D:7      | Killed Menkaure
  6274 | D:7      | Found an iron altar of Okawaru.
  6424 | D:8      | Found a staircase to the Lair.
  6424 | D:8      | Noticed an elephant
  6431 | D:8      | Reached XP level 10. HP: 82/86 MP: 7/9
  6541 | D:8      | Killed an elephant
  6551 | D:8      | Identified the amulet of the Barracuda {Acrobat rPois rF+
                  | Dex+2}
  6657 | D:8      | Found a shadowy altar of Dithmenos.
  7032 | D:8      | Found Luyherghu's Antique Armour Emporium.
  7038 | D:8      | Bought a fading chain mail for 285 gold pieces
  7038 | D:8      | Identified the +0 chain mail of the Chupacabra {rC+ Str+4}
                  | (You bought it in a shop on level 8 of the Dungeon)
  7377 | Lair:1   | Entered Level 1 of the Lair of Beasts
  7499 | Lair:1   | Noticed a black mamba
  7504 | Lair:1   | Killed a black mamba
  7511 | Lair:1   | Identified the +12 halberd of Eternity {spect, rF- Str+4
                  | Int+4}
  7601 | Lair:1   | Reached XP level 11. HP: 87/97 MP: 10/10
  7623 | Lair:1   | Reached skill level 10 in Fighting
  7763 | Lair:1   | Gained mutation: You cannot study or cast Fire magic. [Ru
                  | sacrifice]
  7763 | Lair:1   | Gained mutation: You cannot study or cast Hexes magic. [Ru
                  | sacrifice]
  7763 | Lair:1   | Gained mutation: You cannot study or cast Summoning magic.
                  | [Ru sacrifice]
  7763 | Lair:1   | Reached **** piety under Ru
  7763 | Lair:1   | Reached ***** piety under Ru
  8050 | Lair:1   | Noticed Fannar
  8068 | Lair:1   | Killed Fannar
  8370 | Lair:2   | Reached skill level 10 in Armour
  8525 | Lair:2   | Noticed a six-headed hydra
  8557 | Lair:2   | Killed a six-headed hydra
  8566 | Lair:2   | Reached XP level 12. HP: 96/113 MP: 11/11
  9063 | Lair:2   | Found a hole to the Spider Nest.
  9450 | Lair:2   | Found a staircase to the Shoals.
  9682 | Lair:3   | Noticed Amaemon
  9701 | Lair:3   | Killed Amaemon
  9712 | Lair:3   | Found a runed translucent door.
  9713 | Lair:3   | Found a gate leading to a gauntlet.
  9724 | Gauntlet | Entered a Gauntlet
  9724 | Gauntlet | Found a transporter.
  9724 | Gauntlet | Found a transporter.
  9745 | Gauntlet | Found a transporter.
  9747 | Gauntlet | Found a transporter.
  9747 | Gauntlet | Noticed a tengu warrior
  9758 | Gauntlet | Found a transporter.
  9761 | Gauntlet | Found a transporter.
  9776 | Gauntlet | Found a transporter.
  9795 | Gauntlet | Found a transporter.
  9809 | Gauntlet | Found a transporter.
  9812 | Gauntlet | Found a transporter.
  9830 | Gauntlet | Found a transporter.
  9830 | Gauntlet | Found a transporter.
  9831 | Gauntlet | Noticed a catoblepas
  9928 | Gauntlet | Killed a catoblepas
 10036 | Gauntlet | Identified the ring of Xijon {rElec rPois Will+}
 10054 | Gauntlet | Found the +3 Elemental Staff {ele, rElec rF+ rC+ AC+3}
 10054 | Gauntlet | Identified the +10 great sword "Kuduck" {distort, Will+}
 10054 | Gauntlet | Noticed a minotaur
 10068 | Gauntlet | Killed a minotaur
 10287 | Gauntlet | Identified the ring "Weapn" {rN+ MP+9}
 10311 | Lair:3   | Gained mutation: You cannot voluntarily change form. [Ru
                  | sacrifice]
 10644 | Lair:3   | Reached XP level 13. HP: 124/125 MP: 12/12
 10865 | Lair:3   | Noticed Flugkiller's ghost (journeyman TrFi)
 10866 | Lair:3   | Identified the +6 spear of Terra Cotta {flame, MP+9 Str+4
                  | Int-2 Stlth+}
 11535 | Lair:4   | Reached skill level 15 in Fighting
 11645 | Lair:4   | Found a staircase to the Slime Pits.
 11957 | Lair:5   | Entered Level 5 of the Lair of Beasts
 11957 | Lair:5   | Noticed Rupert
 11981 | Lair:5   | Killed Rupert
 12085 | Lair:5   | Found a dark tunnel.
 12136 | Volcano  | Entered a volcano
 12563 | Volcano  | Found a bloodstained altar of Trog.
 12768 | Lair:5   | Gained mutation: You are sensitive to extremes of
                  | temperature. (rF-, rC-) [Ru sacrifice]
 12768 | Lair:5   | Reached ****** piety under Ru
 12996 | Temple   | Fell from the grace of Ru
 12996 | Temple   | Became a worshipper of Gozag Ym Sagoz the Greedy
 13985 | Lair:5   | Reached skill level 15 in Armour
 14466 | Lair:5   | Reached XP level 14. HP: 140/140 MP: 13/13
 14486 | Lair:5   | Found a corrupted altar of Lugonu.
 14486 | Lair:5   | Found a one-way gate to the infinite horrors of the Abyss.
 14747 | D:9      | Noticed Psyche
 14758 | D:9      | Killed Psyche
 15289 | D:9      | Noticed Erolcha
 15289 | Abyss:2  | Cast into level 2 of the Abyss (Erolcha)
 15649 | Abyss:2  | Noticed a tentacled starspawn
 15671 | Abyss:2  | Killed a tentacled starspawn
 15763 | Abyss:2  | Noticed a tentacled starspawn
 15778 | Abyss:2  | Killed a tentacled starspawn
 15791 | D:9      | Escaped the Abyss
 15798 | D:9      | Killed Erolcha
 16125 | D:10     | Entered Level 10 of the Dungeon
 16148 | D:10     | Identified the +0 leather armour of Defence {rElec Will+
                  | Str+3}
 16305 | D:10     | Found a stormy altar of Qazlal.
 16396 | D:10     | Found a glowing silver altar of Zin.
 16396 | D:10     | Found a sparkling altar of Nemelex Xobeh.
 16489 | D:10     | Found a broken altar of Ashenzari.
 16585 | D:10     | Reached skill level 5 in Stealth
 16775 | D:10     | Found a staircase to the Orcish Mines.
 16992 | Orc:1    | Entered Level 1 of the Orcish Mines
 17090 | Orc:2    | Entered Level 2 of the Orcish Mines
 17124 | Orc:2    | Noticed an orc warlord
 17885 | D:11     | Reached skill level 1 in Shields
 19367 | D:13     | Found Pankaybi's Weapon Boutique.
 19652 | D:13     | Reached XP level 15. HP: 152/152 MP: 14/14
 20950 | D:14     | Reached skill level 5 in Shields
 20987 | D:14     | Found The Oracle's Delphic Readings.
 20991 | D:14     | Bought a scroll of identify for 32 gold pieces
 20991 | D:14     | Bought a scroll of revelation for 120 gold pieces
 20991 | D:14     | Bought a scroll of poison for 64 gold pieces
 21495 | D:14     | Found a gate to the Vaults.
 21600 | D:15     | Entered Level 15 of the Dungeon
 22789 | D:15     | Found a staircase to the Depths.
 22861 | D:15     | Bought the -2 hat of the Alchemist {rElec rPois rF+ rC+ rN+
                  | Will+ rMut rCorr} for 1746 gold pieces
 22861 | D:15     | Found the -2 hat of the Alchemist {rElec rPois rF+ rC+ rN+
                  | Will+ rMut rCorr}
 22861 | D:15     | Bought a slimy cloak for 351 gold pieces
 22861 | D:15     | Identified the +4 cloak of Yredelemnul's Whim {Dex+5} (You
                  | bought it in a shop on level 15 of the Dungeon)
 23824 | Orc:2    | Reached XP level 16. HP: 110/165 MP: 15/15
 24318 | Orc:2    | Reached skill level 10 in Shields
 24742 | Orc:1    | Noticed Sonja
 24891 | Abyss:2  | Cast into level 2 of the Abyss (Sonja)
 24898 | Abyss:3  | Found a corrupted altar of Lugonu.
 25012 | Abyss:3  | Noticed a tentacled starspawn
 25019 | Abyss:3  | Killed a tentacled starspawn
 25137 | Abyss:3  | Noticed a tentacled starspawn
 25163 | Abyss:3  | Killed a tentacled starspawn
 25229 | Abyss:3  | Reached skill level 10 in Dodging
 25310 | Abyss:3  | Noticed a bone dragon
 25325 | Abyss:3  | Killed a bone dragon
 25333 | Orc:1    | Escaped the Abyss
 25335 | Orc:1    | Killed Sonja
 26005 | Orc:2    | Found Wietozo's Magic Scroll Shop.
 26006 | Orc:2    | Found Ejuimif's Weapon Shoppe.
 26006 | Orc:2    | Found Juphiefa's Jewellery Boutique.
 26006 | Orc:2    | Found Kugikkuusu's Armour Shoppe.
 26015 | Orc:2    | Bought a scroll of blinking for 120 gold pieces
 26015 | Orc:2    | Bought a scroll of enchant armour for 120 gold pieces
 26019 | Orc:2    | Bought the amulet of Qazlal's Regard {rF+ Regen+ Str+4} for
                  | 786 gold pieces
 26037 | Orc:2    | Bought the +0 cloak of Fedhas's Benevolence {rElec Str+3
                  | Dex+4 Slay+6} for 759 gold pieces
 26060 | Orc:2    | Bought a scroll of identify for 32 gold pieces
 26060 | Orc:2    | Bought a scroll of identify for 32 gold pieces
 26060 | Orc:2    | Bought a scroll of identify for 32 gold pieces
 26078 | Orc:2    | Found a staircase to the Elven Halls.
 26454 | Spider:1 | Entered Level 1 of the Spider Nest
 26596 | Spider:1 | Noticed Nikola
 26606 | Spider:1 | Killed Nikola
 27956 | Spider:2 | Identified the +2 robe of the Flute {Regen+ Int+3}
 28474 | Spider:3 | Noticed Bai Suzhen
 28493 | Spider:3 | Killed Bai Suzhen
 28494 | Spider:3 | Reached XP level 17. HP: 120/176 MP: 16/16
 29463 | Spider:4 | Entered Level 4 of the Spider Nest
 29467 | Spider:4 | Reached skill level 10 in Polearms
 30509 | Spider:4 | Reached skill level 15 in Shields
 30687 | Spider:4 | Identified the orb "Qiucy" {light, Hexes}
 30689 | Spider:4 | Got a gossamer rune of Zot
 31269 | Shoals:1 | Entered Level 1 of the Shoals
 31695 | Shoals:1 | Identified the +3 flail of Dauf {flame, SInv}
 32054 | Shoals:2 | Reached XP level 18. HP: 187/187 MP: 17/17
 32991 | Shoals:3 | Noticed Polyphemus
 33192 | Shoals:2 | Killed Polyphemus
 33808 | Shoals:4 | Entered Level 4 of the Shoals
 34437 | Shoals:4 | Identified the +1 dagger of Spite {pain, rF+ rC+ Int+3
                  | Dex+3}
 34524 | Shoals:4 | Got the Opusculum on the Glacial Fjord
 34623 | Shoals:4 | Found a flickering gateway to a bazaar.
 34629 | Bazaar   | Entered a bazaar
 34631 | Bazaar   | Found Uhoruidu's Jewellery Shoppe.
 34639 | Bazaar   | Found Tesuopt's Antique Armour Shop.
 34674 | Bazaar   | Found Xyarrairgh's Book Emporium.
 34682 | Bazaar   | Found Jumyvog's Jewellery Boutique.
 34779 | Shoals:4 | Identified the ring of the Final Hosts {rPois rC+ rCorr
                  | Str-4 Int+3 Dex-5}
 34840 | Shoals:4 | Got a barnacled rune of Zot
 35356 | D:8      | Bought a scroll of enchant armour for 120 gold pieces
 35356 | D:8      | Bought a scroll of blinking for 120 gold pieces
 35356 | D:8      | Bought a scroll of blinking for 120 gold pieces
 35362 | D:8      | Bought a distressingly furry chain mail for 361 gold pieces
 35362 | D:8      | Identified the +2 chain mail of Zin's Outrage {Str+3 Dex+4}
                  | (You bought it in a shop on level 8 of the Dungeon)
 35494 | Elf:1    | Entered Level 1 of the Elven Halls
 35872 | Elf:1    | Reached XP level 19. HP: 183/195 MP: 18/18
 36286 | Elf:2    | Paralysed by an air elemental for 1 turns
 36395 | Elf:2    | Paralysed by an air elemental for 1 turns
 36496 | Elf:2    | Found a crumbling gateway.
 36539 | Desolati | Entered the Desolation of Salt
 36853 | Desolati | Identified the ring of Cyumnaro {rElec rCorr Int+3 Dex+6
                  | Slay+3}
 36887 | Desolati | Got the Handbook of the Wind
 36891 | Desolati | Identified the +4 ring mail of the Assorted Seas {rF- rC+
                  | rN+}
 37555 | Desolati | Identified the +0 glaive of Day {holy, rN+ Will++ Str+2}
 37578 | Desolati | Identified the +5 scale mail of Majestic Music {rC- Regen+
                  | Stlth+}
 37629 | Desolati | Identified the +1 cloak "Congon" {*Slow rN++}
 37730 | Desolati | Found the +10 tower shield of Ignorance {rN+ Int-4}
 37804 | Desolati | Identified the +5 short sword "Moddinam" {speed, rC- MP+9
                  | Int+5}
 37806 | Desolati | Got the Exposition on the Blinking Fault
 38258 | Elf:2    | Found a runed translucent gate.
 38260 | Elf:2    | Found a runed translucent gate.
 38264 | Elf:2    | Found a runed translucent gate.
 38282 | Elf:2    | Reached skill level 15 in Polearms
 38765 | Elf:3    | Entered Level 3 of the Elven Halls
 38834 | Elf:3    | Reached XP level 20. HP: 205/207 MP: 19/19
 38974 | Elf:3    | Found Xisoom's Distillery.
 38991 | Elf:3    | Bought a potion of haste for 160 gold pieces
 38991 | Elf:3    | Bought a potion of heal wounds for 80 gold pieces
 38991 | Elf:3    | Bought a potion of haste for 160 gold pieces
 38991 | Elf:3    | Bought a potion of heal wounds for 80 gold pieces
 38991 | Elf:3    | Bought a potion of cancellation for 128 gold pieces
 38991 | Elf:3    | Bought a potion of might for 64 gold pieces
 39329 | Elf:3    | Found a runed translucent door.
 39380 | Elf:3    | Identified the staff of Dullness {rElec rF+ Int+8 Dex-5
                  | Stlth- Conj}
 39621 | Elf:3    | Identified the amulet of Beauty {Rampage rElec Regen+
                  | Int+2}
 39640 | Elf:3    | Identified the +8 dagger "Liajyigg" {heavy, rCorr Dex+3}
 39884 | Elf:3    | Identified the ring of Uhaank {Int+3 Dex+6 Slay+2}
 39885 | Elf:3    | Identified the +0 morningstar of a bazaar {spect, +Blink
                  | rCorr Int+3}
 40036 | Elf:3    | Got the Octavo of Momentum
 40044 | Elf:3    | Identified the staff of Busefucos {*Slow +Blink rC+ rN++
                  | Summ Ice}
 40049 | Elf:3    | Identified the +0 pair of boots "Qubops" {MP+9}
 40069 | Elf:3    | Identified the +11 quarterstaff of Wu Jian's Vengeance
                  | {antimagic, Str+2}
 40371 | Vaults:1 | Entered Level 1 of the Vaults
 41807 | Vaults:2 | Found Fylintew's Weapon Shop.
 42302 | Vaults:2 | Reached XP level 21. HP: 217/217 MP: 20/20
 42514 | Vaults:2 | Found a portal to a secret trove of treasure.
 42678 | Vaults:2 | Found a staircase to the Crypt.
 42678 | Vaults:2 | Found an ancient bone altar of Kikubaaqudgha.
 42679 | Vaults:2 | Found a basalt altar of Yredelemnul.
 42920 | Vaults:3 | Identified the +1 robe of the Beginning {Rampage}
 43774 | Vaults:3 | Found Uthutiut's Armour Boutique.
 45470 | Crypt:1  | Entered Level 1 of the Crypt
 45633 | Crypt:1  | Reached XP level 22. HP: 228/228 MP: 21/21
 45794 | Crypt:1  | You fall into a shaft and drop 1 floor!
 45864 | Crypt:1  | Found a transporter.
 45865 | Crypt:1  | Noticed Roocroe's ghost (veteran MiGl)
 45912 | Crypt:1  | Found a transporter.
 45914 | Crypt:1  | Noticed a royal mummy
 45943 | Crypt:1  | Noticed rrossfarrar's ghost (veteran BaFi)
 46061 | Crypt:1  | Found a runed door.
 46438 | Crypt:1  | Noticed a dread lich
 46444 | Crypt:1  | Noticed an ancient lich
 46449 | Crypt:1  | Killed a dread lich
 46461 | Crypt:1  | Killed an ancient lich
 46484 | Crypt:1  | Identified the +1 robe of Agaecox {Rampage Fly rF-}
 46485 | Crypt:1  | Identified the ring "Xoggi" {rElec EV+5 Int+3}
 46504 | Crypt:1  | Identified a scroll of acquirement
 46511 | Crypt:1  | Identified the +5 triple sword of Wigixooh {venom, Will+
                  | Int+3 SInv}
 46515 | Crypt:1  | Identified the +1 cloak of Adilich {-Cast rN+++ Str-4 SInv}
 46532 | Crypt:1  | Acquired a manual of Dodging
 46862 | Crypt:2  | Noticed Vv
 46884 | Crypt:2  | Killed Vv
 46990 | Crypt:2  | Noticed an ancient lich
 47007 | Crypt:2  | Killed an ancient lich
 47273 | Crypt:2  | Got the Reference Book on the Grave
 47828 | Crypt:3  | Entered Level 3 of the Crypt
 48040 | Crypt:3  | Found a basalt altar of Yredelemnul.
 48486 | Crypt:3  | Identified the staff "Tigasisegh" {rN+ Int+3 Necro}
 48644 | Crypt:3  | Identified the +9 arbalest of the Vanishing Things {speed,
                  | rPois rF- Will+}
 48889 | Crypt:3  | Found a staircase to the Tomb.
 48889 | Crypt:3  | Noticed Khufu
 48901 | Crypt:3  | Killed Khufu
 48902 | Crypt:3  | Reached XP level 23. HP: 227/239 MP: 22/22
 48926 | Crypt:3  | Got the Anthology of Refrigeration
 48941 | Crypt:3  | Identified the +1 robe of Dyttin {Regen+ Slay+2}
 49220 | Depths:1 | Entered Level 1 of the Depths
 49383 | Depths:1 | Found a radiant altar of Vehumet.
 49597 | Depths:1 | Found a gateway to Hell.
 49655 | Depths:1 | Found a one-way gate leading to the halls of Pandemonium.
 49777 | Depths:2 | Found a snail-covered altar of Cheibriados.
 49825 | Depths:2 | Reached skill level 27 in Fighting
 49895 | Depths:2 | Reached skill level 27 in Shields
 50177 | Depths:2 | Identified the +4 cloak of Monotheism {MP-9 Slay+5}
 51110 | Depths:3 | Identified the +4 plate armour of the Disbelieving Gods
                  | {Dex+10}
 51230 | Depths:3 | Found a corrupted altar of Lugonu.
 51249 | Depths:3 | Found a one-way gateway to a ziggurat.
 51298 | Depths:3 | Identified the +2 demon blade of the Pillar {freeze, Will+}
 51568 | Depths:3 | Found Ysuplueg's Jewellery Boutique.
 51568 | Depths:3 | Found Akyap's Book Shoppe.
 51569 | Depths:3 | Found Upoc Qefaet's Book Shoppe.
 52043 | Depths:3 | Noticed a caustic shrike
 52044 | Depths:3 | Noticed a caustic shrike
 52048 | Depths:3 | Killed a caustic shrike
 52057 | Depths:3 | Killed a caustic shrike
 52074 | Depths:3 | Reached XP level 24. HP: 218/249 MP: 22/22
 52820 | Depths:3 | Identified the +0 pair of boots of Dishonour {Int+3 Stlth+}
 52933 | Depths:4 | Entered Level 4 of the Depths
 52933 | Depths:4 | Found Akipok's Magic Scroll Emporium.
 52933 | Depths:4 | Found Qidurchin's Weapon Shoppe.
 52937 | Depths:4 | Noticed a juggernaut
 53282 | Depths:4 | Found Kaez's Weapon Shop.
 53325 | Depths:4 | Found Xeon's Book Shoppe.
 53354 | Depths:4 | Reached skill level 15 in Dodging
 53419 | Depths:4 | Killed a juggernaut
 53479 | Depths:4 | Bought a scroll of fog for 92 gold pieces
 53479 | Depths:4 | Bought a scroll of blinking for 172 gold pieces
 53574 | Depths:4 | Found Riagaur's Jewellery Shoppe.
 53936 | Depths:4 | Found a gate to the Realm of Zot.
 54416 | Slime:1  | Entered Level 1 of the Pits of Slime
 54603 | Slime:2  | Paralysed by a formless jellyfish for 1 turns
 54702 | Slime:3  | Gained mutation: You occasionally lose the ability to read
                  | scrolls when taking damage. [a shining eye]
 55437 | Slime:5  | Entered Level 5 of the Pits of Slime
 55468 | Slime:5  | Noticed the Royal Jelly
 55481 | Slime:5  | Reached XP level 25. HP: 250/257 MP: 22/22
 55495 | Slime:5  | Killed the Royal Jelly
 55746 | Slime:5  | Identified the staff "Moephit" {rF+ Will- Str+5 Tloc Fire}
 55838 | Slime:5  | Found the ring of the Hare {EV+10}
 56043 | Slime:5  | Got a slimy rune of Zot
 56471 | Zot:1    | Entered Level 1 of the Realm of Zot
 56487 | Zot:1    | Reached skill level 1 in Throwing
 56816 | Zot:1    | Noticed an orb of fire
 56830 | Zot:1    | Killed an orb of fire
 57638 | Zot:2    | Acquired 1126 gold pieces
 57678 | Zot:2    | Bought a potion of haste for 240 gold pieces
 57678 | Zot:2    | Bought a potion of mutation for 192 gold pieces
 58103 | Zot:2    | Reached skill level 5 in Throwing
 58145 | Zot:2    | Reached XP level 26. HP: 258/266 MP: 15/22
 58218 | Zot:2    | Reached skill level 27 in Polearms
 58669 | Hell     | Entered the Vestibule of Hell
 58669 | Hell     | Noticed Geryon
 59173 | Hell     | Killed Geryon
 59365 | Hell     | Found a gateway to the decaying netherworld of Tartarus.
 59417 | Hell     | Found a gateway to the freezing wastes of Cocytus.
 59821 | Zot:3    | Noticed an ancient lich
 59822 | Zot:3    | Noticed an orb of fire
 59824 | Zot:3    | Noticed a dread lich
 60082 | Zot:3    | Found a runed translucent gate.
 60082 | Zot:3    | Found a runed translucent gate.
 60086 | Zot:3    | Noticed Icycared's ghost (master GrFi)
 60088 | Zot:3    | Found a runed translucent gate.
 60142 | Zot:3    | Killed Icycared's ghost
 60271 | Zot:3    | Identified the staff of Foyja {rPois Int+2 Alchemy}
 60272 | Zot:3    | Identified the +1 pair of gloves of Doasuc {rElec Will-
                  | rCorr Int+2 SInv}
 60279 | Zot:3    | Identified the ring "Siwka" {rElec rF+ Will++ EV+5}
 60353 | Zot:3    | Noticed an orb of fire
 60364 | Zot:3    | Killed an orb of fire
 60591 | Zot:3    | Noticed an orb of fire
 60605 | Zot:3    | Found a radiant altar of Vehumet.
 60729 | Zot:3    | Found a transporter.
 60900 | Zot:4    | Noticed an orb of fire
 60917 | Zot:4    | Killed an orb of fire
 61233 | Zot:4    | Reached XP level 27. HP: 273/273 MP: 22/22
 61602 | Zot:5    | Entered Level 5 of the Realm of Zot
 61983 | Zot:5    | Noticed an orb of fire
 61995 | Zot:5    | Killed an orb of fire
 61996 | Zot:5    | Reached skill level 27 in Armour
 62093 | Zot:5    | Noticed an ancient lich
 62107 | Zot:5    | Killed an ancient lich
 62126 | Zot:5    | Noticed a dread lich
 62129 | Zot:5    | Noticed an orb of fire
 62129 | Zot:5    | Noticed an orb of fire
 62192 | Zot:5    | Killed an orb of fire
 62220 | Zot:5    | Noticed an orb of fire
 62224 | Zot:5    | Noticed an orb of fire
 62235 | Zot:5    | Noticed a dread lich
 62235 | Zot:5    | Noticed an orb of fire
 62243 | Zot:5    | Killed a dread lich
 62262 | Zot:5    | Gained mutation: You are partially covered in iridescent
                  | scales. (AC +2) [an orb of fire]
 62281 | Zot:5    | Killed an orb of fire
 62506 | Zot:5    | Noticed an orb of fire
 62521 | Zot:5    | Reached skill level 10 in Throwing
 62606 | Zot:5    | Reached skill level 10 in Stealth
 62803 | Zot:5    | Got the Orb of Zot
 62875 | Zot:4    | Noticed Ukeuwn the pandemonium lord
 63544 | D:$      | Escaped with the Orb!

Illustrated notes

Levels and vault maps discovered:
D:1:      dpeg_arrival_orchard, layout_basic, serial_shops,
          nicolae_shop_gaudy_bauble
D:2:      layout_loops_ring, uniq_terence, uniq_robin
D:3:      layout_loops_ring, nicolae_yredelemnul_corpse_copse, uniq_sigmund
D:4:      layout_basic, lemuel_mausoleum_altar_kikubaaqudgha,
          minmay_temple_entry_hall, serial_bayou_lagoon_a, uniq_ijyb,
          uniq_blork_the_orc
D:5:      nicolae_BIG_FREAKIN_CUBE, layout_loops_ring,
          mainiacjoe_overflow_six_doors_small, uniq_prince_ribbit1
D:6:      layout_rooms, serial_shops, shop, nrook_mini_backslash, uniq_maggie,
          uniq_edmund
D:7:      layout_basic, elyvilon_altar_4, okawaru_humans, kennysheep_nub,
          fountainhead, uniq_menkaure
D:8:      layout_cave_pools, nicolae_dithmenos_shadow_blocks,
          david_lair_generic, serial_shops, shop, serial_column_ruins,
          column_ruins_corridor_T, column_ruins_grid_1,
          column_ruins_columns_corner, column_ruins_open_tiny,
          column_ruins_open_small, column_ruins_grid_2, minmay_ruffians
D:9:      layout_stronghold, uniq_psyche, uniq_erolcha
D:10:     layout_basic, lemuel_round_altar, mainiacjoe_overflow_chevrons,
          gammafunk_temple_overflow_statue, minmay_pinched_square
D:11:     erik_rubicon_a, layout_loops_ring
D:12:     layout_loops_ring
D:13:     layout_roguey, serial_shops, nicolae_shop_advertising_works
          [nicolae_subvault_shop_adworks]
D:14:     layout_rooms, grunt_vaults_entry_fortified, serial_park_square2,
          nicolae_nh_oracle_at_delphi
D:15:     gammafunk_enter_depths_forms, layout_rooms, grunt_decor_junction
Temple:   nicolae_temple_slightly_damp_pantheon
Lair:1:   layout_regular_city, dpeg_stationary_puzzle, grunt_megastairs_1,
          uniq_fannar
Lair:2:   layout_loops_ring, mainiacjoe_shoals_entry_four_pools,
          spider_nest_entry_a, hangedman_lair_generics_rect, grunt_megastairs_3
Lair:3:   layout_hall_layers, ebering_ghost_funeral_grove,
          gauntlet_entry_generic, grunt_megastairs_5, lemuel_fruit_tree,
          uniq_amaemon
Lair:4:   layout_big_grid, slime_entry_1
Lair:5:   hellmonk_lair_end_abyssal_woods, layout_layer_cave,
          nicolae_volcano_entry_vermiform, lemuel_fruit_fields, uniq_rupert
Shoals:1: argonaut_golden_fleece, layout_shoals, hangedman_shoal_volcano
Shoals:2: layout_shoals, nicolae_shoals_spring_well_temple
Shoals:3: layout_shoals, uniq_polyphemus
Shoals:4: shoals_end_hangedman, layout_shoals, serial_shops, bzr_entry_safe
Spider:1: layout_spider_delve, uniq_nikola
Spider:2: layout_spider_delve, hellmonk_motheaten_closet
Spider:3: layout_cave_pods, hangedman_spider_tarantella_strand, uniq_bai_suzhen
Spider:4: grunt_spider_rune_parallel, nicolae_spider_moth_buddies
Slime:1:  layout_caves
Slime:2:  layout_caves, nicolae_slime_barrier
Slime:3:  layout_caves
Slime:4:  layout_caves
Slime:5:  slime_pit_nicolae_trefoil
Orc:1:    layout_diamond_mine, uniq_sonja
Orc:2:    st_orc_ogre_mass, layout_caves
Elf:1:    eino_elf_arrival_sip, layout_geoelf_diagonals, minivault_28,
          drop_trap, wad_floor_pattern_2, nicolae_twisty_statue_hallways
Elf:2:    nicolae_elf_blades_splatter_lattice
          [nicolae_vaults_blade_armed_guards], layout_loops_cross,
          portal_desolation_entry_garden
Elf:3:    minmay_elf_hall_statues, layout_geoelf_octagon, serial_shops, shop,
          minivault_25_ag, serial_sigils_hangedman_writhe,
          minmay_misc_feat_five, minivault_13
Vaults:1: nicolae_vaults_closet_pinwheel_1, nicolae_vaults_diagonal_hallway_6,
          ontoclasm_vaults_claustrophobia, vaults_mumra_hexcomb,
          nicolae_vaults_house_1, nicolae_vaults_apartment_2,
          nicolae_vaults_layer_cake_slice, ontoclasm_vaults_hangar,
          layout_vaults_omnigrid
Vaults:2: nicolae_vaults_wrenched, nicolae_vaults_tetromino_Z_2,
          v_alt_pattern_2, nicolae_vaults_circle_grid_a,
          minmay_crypt_entry_necro_gods, nicolae_vaults_octagons,
          nicolae_vaults_little_squares_2, nicolae_vaults_tetromino_T_2,
          nicolae_vaults_weapon_check, vaults_dpeg_hooks, nicolae_vaults_prndl,
          layout_vaults_big_room, nicolae_trove_entry_diagonal, serial_shops,
          shop
Vaults:3: v_misc_12, nicolae_vaults_whirlpool_walls,
          vaults_standard_mumra_lines, v_misc_11,
          nicolae_vaults_yaktaur_gun_rack,
          nicolae_vaults_taking_the_gang_shopping,
          nicolae_vaults_little_squares_3, vaults_room_semicircle, v_rooms_1,
          nicolae_vaults_back_hallway, nicolae_vaults_tetromino_L_2,
          layout_vaults_omnibox
Vaults:4: nicolae_vaults_network_quincunx
          [nicolae_vaults_network_quincunx_subvault,
          nicolae_vaults_network_quincunx_subvault,
          nicolae_vaults_network_quincunx_subvault,
          nicolae_vaults_network_quincunx_subvault,
          nicolae_vaults_network_quincunx_subvault], nicolae_vaults_trapezoid_3,
          nicolae_vaults_shrinking_rooms_1, nicolae_vaults_security_offices_4,
          nicolae_vaults_mini_display_case, nicolae_vaults_theta, v_misc_19,
          nicolae_vaults_six-pack, nicolae_vaults_closet_pinwheel_1,
          vaults_room_corners, layout_vaults_omnicross
Crypt:1:  evilmike_wizard_prison, layout_rooms, nzn_ghost_randoct,
          grunt_ministairs_1
Crypt:2:  layout_gridlike, special_room [special_room_morgue], uniq_vv
Crypt:3:  grunt_crypt_end_deaths_head
Depths:1: layout_cave_pools, hell_entry,
          serial_library_regret_index_double_sided, pan_entry,
          nicolae_vehumet_altar_sigil
Depths:2: dreamdust_merry_men, layout_gridlike, hell_entry, cheibriados_altar_1,
          rand_demon_pan_entry_8, minmay_staircase_windowed_small
Depths:3: minmay_octagon_city, layout_basic, enter_ziggurat_b,
          chequers_serial_rivers_micro_a, abyss_entry_flame_altar, hellmouth_1,
          minmay_shop_grove
Depths:4: grunt_zot_entry_gee_three, layout_gridlike,
          serial_library_hellmonk_secret_room, serial_shops, shop, shop,
          nicolae_shop_waterfront, nicolae_diamond_shop, shop_statue,
          pf_hell_entry_great_geh, kennysheep_random_hallway
Hell
Zot:1:    layout_concentric_octagons
Zot:2:    lemuel_halls_of_wrath, layout_misc_corridors
Zot:3:    gammafunk_sealed_library, layout_gridlike, gammafunk_ghost_ooze
Zot:4:    layout_onion_interference, regret_index_zotdec_twisting_globes
Zot:5:    layout_misc_corridors, lemuel_baited_zot_trap, nicolae_tricolors

Skill      XL: |  1  2  3  4  5  6  7  8  9 10 11 12 13 14 15 16 17 18 19 20 21 22 23 24 25 26 27 |
---------------+----------------------------------------------------------------------------------+-----
Axes           | 4 5 7 9 10 | 10.7
Fighting       | 4 5 6 7 9 12 14 17 19 20 21 22 23 24 25 26 27 | 27.0
Armour         | 1 2 4 5 7 8 10 12 15 17 18 19 20 21 22 23 24 26 27 | 27.0
Dodging        | 4 5 6 8 9 10 11 12 13 16 17 19 21 | 21.2
Maces & Flails | 3 |  3.9
Polearms       | 7 9 12 13 15 16 17 18 21 24 26 27 | 27.0
Stealth        | 1 3 4 5 6 8 10 | 10.3
Shields        | 3 9 13 15 18 20 22 24 26 27 | 27.0
Throwing       | 5 8 10 | 10.3

Action                     |  1- 3 |  4- 6 |  7- 9 | 10-12 | 13-15 | 16-18 | 19-21 | 22-24 | 25-27 || total
---------------------------+-------+-------+-------+-------+-------+-------+-------+-------+-------++-------
  Melee: Hand axe          |    52 |   108 |   210 |       |       |       |       |       |       ||   370
         Headbutt          |    12 |    32 |    96 |   146 |   445 |   532 |   633 |   754 |   702 ||  3352
         Lance             |       |       |    94 |   544 |  1526 |  1867 |  1773 |  1893 |  1720 ||  9417
  Throw: Throwing net      |       |       |       |       |     1 |       |       |       |       ||     1
 Invoke: Sacrifice Artific |       |       |     1 |       |       |       |       |       |       ||     1
         Sacrifice Essence |       |       |     1 |       |       |       |       |       |       ||     1
         Sacrifice Arcana  |       |       |       |     1 |       |       |       |       |       ||     1
         Sacrifice Forms   |       |       |       |     1 |       |       |       |       |       ||     1
         Sacrifice Resista |       |       |       |       |     1 |       |       |       |       ||     1
         Call Merchant     |       |       |       |       |     1 |     2 |       |       |     2 ||     5
         Potion Petition   |       |       |       |       |       |     1 |       |       |       ||     1
         Bribe Branch      |       |       |       |       |       |       |       |       |     2 ||     2
    Use: Scroll            |       |       |       |    11 |     3 |    11 |     4 |     2 |     1 ||    32
         Potion            |       |       |       |       |       |       |       |     6 |     3 ||     9
   Stab: Distracted        |       |       |     1 |       |     7 |    16 |    16 |    23 |    21 ||    84
         Invisible         |       |       |       |     2 |       |       |       |       |       ||     2
         Petrifying        |       |       |       |     1 |       |       |       |       |       ||     1
         Held in net/web   |       |       |       |       |     2 |       |       |       |       ||     2
         Confused          |       |       |       |       |       |     2 |       |       |       ||     2
         Petrified         |       |       |       |       |       |     8 |       |       |       ||     8
         Sleeping          |       |       |       |       |       |       |     1 |       |       ||     1
 Armour: Robe              |    38 |       |       |       |       |       |       |       |       ||    38
         Scale mail        |       |    76 |   120 |       |       |       |       |       |       ||   196
         Swamp dragon scal |       |       |    42 |    52 |       |       |       |       |       ||    94
         Chain mail        |       |       |       |   161 |       |    24 |   248 |       |       ||   433
         Plate armour      |       |       |       |    14 |   804 |   996 |   141 |   273 |   310 ||  2538
  Dodge: Dodged            |    35 |    55 |   118 |   250 |   557 |   669 |   300 |   213 |   559 ||  2756
  Block: Kite shield       |       |       |       |       |   344 |  1153 |   179 |       |       ||  1676
         Tower shield      |       |       |       |       |       |       |  1435 |  1551 |  2225 ||  5211
